 Dungeon Crawl Stone Soup version 0.31-a0-536-ga3e2962e35 (webtiles) character file.

Game seed: 2447504774529446871

119 Ethylacetat the Ducker (level 5, -3/36 HPs)
             Began as an Octopode Gladiator on Aug 13, 2023.
             Killed by divine providence
             ... invoked by an orc priest
              (11 damage)
             ... on level 3 of the Dungeon.
             The game lasted 00:01:57 (1907 turns).

Ethylacetat the Ducker (Octopode Gladiator)         Turns: 1907, Time: 00:01:58

Health: -3/36      AC:  1    Str: 14    XL:     5   Next: 3%
Magic:  5/5        EV: 14    Int: 10    God:
Gold:   101        SH:  0    Dex: 15    Spells: 4/4 levels left

rFire   . . .        a - +0 rapier
rCold   . . .        (no shield)
rNeg    . . .        b - +0 hat
rPois   .            (no amulet)
rElec   .            (no ring)
rCorr   .            (no ring)
SInv    .            (no ring)
Will    .....        (no ring)
Stlth   +++          (no ring)
HPRegen 0.26/turn    (no ring)
MPRegen 0.09/turn    (no ring)
                     (no ring)

%: no passive effects
@: no status effects
A: almost no armour, amphibious, 8 rings, camouflage 1, gelatinous body 1,
(nimble swimmer 1), tentacles
a: no special abilities


You were on level 3 of the Dungeon.
You visited 1 branch of the dungeon, and saw 3 of its levels.

You collected 101 gold pieces.

Inventory:

Hand Weapons
 a - a +0 rapier (weapon)
Missiles
 c - 3 throwing nets (quivered)
 d - a javelin
Armour
 b - a +0 hat (worn)
Scrolls
 e - 4 scrolls of identify {unknown}
 h - 2 scrolls of revelation {unknown}
 i - a scroll of poison {unknown}
 j - 3 scrolls of amnesia {unknown}
 k - a scroll of teleportation {unknown}
 m - a scroll of acquirement {unknown}
 n - a scroll of vulnerability {unknown}
Potions
 f - 3 potions of heal wounds {unknown}
 g - 3 potions of degeneration {unknown}
 l - 2 potions of curing {unknown}


   Skills:
 + Level 3.3 Fighting
 - Level 3.0 Short Blades
 - Level 2.0 Throwing
 + Level 4.0 Dodging
 + Level 3.5 Stealth


You had 4 spell levels left.
You didn't know any spells.
Your spell library contained the following spells:

 Spells                   Type           Power      Damage    Failure   Level
 Sandblast                Erth           0%         2d4       36%         1
 Cigotuvi's Dreadful Rot  Necr/Pois/Air  0%         N/A       50%         2
 Passwall                 Tmut/Erth      0%         N/A       50%         2
 Ignite Poison            Fire/Tmut/Pois 0%         N/A       75%         3
 Stone Arrow              Conj/Erth      0%         3d7       75%         3
 Freezing Cloud           Conj/Ice/Air   0%         6-21      100%        5


Dungeon Overview and Level Annotations

Branches:
Dungeon (3/15)

Altars:
Zin


Innate Abilities, Weirdness & Mutations

You cannot wear most types of armour.
You are amphibious.
You can wear up to eight rings at the same time.
Your skin changes colour to match your surroundings (Stealth+).
Your rubbery body absorbs attacks. (AC +1, EV +1)
((You are camouflaged when in or above water. (Stealth+)))
You have tentacles for arms and can constrict up to eight enemies at once.


Message History

The bat closely misses you. The worm bites you.
* * * LOW HITPOINT WARNING * * *
You hit the worm. You squeeze the worm.
The worm is almost dead.
You constrict the worm.
You kill the worm!
The bat hits you but does no damage.
Your Dodging skill increases to level 4!
You have reached level 5!
You feel stronger.
You hit the bat.
You kill the bat!
An orc comes into view. It is wielding a +0 morningstar.
An orc is nearby!
You are too injured to fight recklessly!
You are too injured to fight recklessly!
You are too injured to fight recklessly!
You see here a +0 club.
An orc priest comes into view. It is wielding a +0 club.
An orc is nearby!
An orc comes into view. It is wielding a +0 heavy hand axe.
An orc priest comes into view. It is wielding a +0 hand axe.
You see here a +0 club.
You see here a worm corpse.
You strike the helpless orc from behind!
You puncture the orc!
The orc shouts!
The orc priest shouts!
Your grab misses the orc.
The orc is almost dead.
You hear an angry hiss.
The orc hits you with a +0 heavy hand axe.
An adder comes into view.
The orc priest hits you with a +0 hand axe.
The orc misses you. The orc hits you with a +0 morningstar!
* * * LOW HITPOINT WARNING * * *
You hit the orc priest. Your grab misses the orc priest.
The orc priest is lightly wounded.
The orc priest mumbles some strange prayers to Beogh against you.
Beogh smites you!
You die...

..## #...........# #.#
#.# ##.##...###.# #.#
#.# #.###.## #.# #.# #.#
###### #.####.####.##
#.#
##~~~~###............#
##~~~~~~###)....#.##..#
..~~.....†............#
.~~.........###..####.#
~....~o@o...###..# #.#
~..~~..~o.o......# #.#
.~~....~.....##†## #.#
....⌠~~......##.# #.#
...~~⌠.......##.# #.#
..~....S~...###.#####.##
..~..~~..~..# #.........
...~~....~..# #####...#.
..~~... #.###.


You could see 2 orc priests, an adder and 2 orcs.

Vanquished Creatures
  A hound (D:2)
  2 adders
  A gnoll (D:1)
  2 worms (D:3)
  2 dart slugs
  3 ball pythons
  4 bats
  6 endoplasms
  2 giant cockroaches (D:1)
  5 hobgoblins
  4 jackals (D:3)
  4 kobolds
  3 quokkas
  2 frilled lizards (D:2)
  3 goblins
  4 rats
48 creatures vanquished.

Notes
Turn   | Place    | Note
-------+----------+-------------------------------------------
     0 | D:1      | Ethylacetat the Octopode Gladiator began the quest for the
                  | Orb.
     0 | D:1      | Reached XP level 1. HP: 14/14 MP: 1/1
   173 | D:1      | Reached skill level 1 in Stealth
   231 | D:1      | Reached XP level 2. HP: 19/19 MP: 2/2
   483 | D:1      | Reached XP level 3. HP: 20/25 MP: 3/3
   943 | D:2      | Found a glowing silver altar of Zin.
   957 | D:2      | Reached XP level 4. HP: 13/31 MP: 4/4
  1863 | D:3      | Reached skill level 4 in Dodging
  1863 | D:3      | Reached XP level 5. HP: 10/36 MP: 5/5
  1907 | D:3      | Killed from afar by an orc priest

Illustrated notes

Levels and vault maps discovered:
D:1:      eino_arrival_tree_alley, layout_basic
D:2:      layout_loops_ring, basic_altar, st_stairs_8, minmay_ruptured
D:3:      cheibrodos_helix_gallery, layout_loops_ring, uniq_pargi

Skill      XL: |  1  2  3  4 |
---------------+-------------+-----
Stealth        | 1 2 3 |  3.5
Fighting       | 3 |  3.3
Dodging        | 4 |  4.0
Short Blades   | |  3.0
Throwing       | |  2.0

Action                     |  1- 3 |  4- 6 || total
---------------------------+-------+-------++-------
  Melee: Rapier            |    54 |    52 ||   106
         Constrict         |    12 |     9 ||    21
         Tentacles         |    11 |    11 ||    22
   Stab: Sleeping          |     8 |     7 ||    15
         Distracted        |       |     1 ||     1
 Armour: Skin              |     2 |     4 ||     6
  Dodge: Dodged            |    31 |    35 ||    66

Table legend: (Time is in decaauts)
 A = Elapsed time spent in this place.
 B = Non-inter-level travel time spent in this place.
 C = Inter-level travel time spent in this place.
 D = Time resting spent in this place.
 E = Time spent auto-exploring this place.
 F = Levels seen in this place.
 G = Mean time per level.
                   A        B        C        D        E       F      G
               +--------+--------+--------+--------+--------+-----+--------+
         Total |   1912 |   1870 |     42 |      0 |   1556 |   3 |  637.3 |
       Dungeon |   1912 |   1870 |     42 |      0 |   1556 |   3 |  637.3 |
               +--------+--------+--------+--------+--------+-----+--------+

Top non-repeatable levels by time:
     D:1: 811 daAuts
     D:2: 776 daAuts
     D:3: 324 daAuts
